 Dungeon Crawl Stone Soup version 0.29-a0-775-g4d7333d4e2 (webtiles) character file.

Game seed: 16596149032702353191

2107 Zonian the Sneak (level 9, 0/39 HPs)
             Began as a Vine Stalker Enchanter on July 1, 2022.
             Was a Follower of Dithmenos.
             Killed by divine providence
             ... invoked by an orc priest
              (10 damage)
             ... on level 7 of the Dungeon.
             The game lasted 00:35:20 (9688 turns).

Zonian the Sneak (Vine Stalker Enchanter)           Turns: 9688, Time: 00:35:20

Health: 0/39       AC:  7    Str: 13    XL:     9   Next: 28%
Magic:  0/17       EV: 15    Int: 21    God:    Dithmenos [*.....]
Gold:   686        SH:  5    Dex: 19    Spells: 10/18 levels left

rFire   . . .      SeeInvis .   v - +2 dagger (venom)
rCold   . . .      Faith    .   D - +1 buckler of Jiom {rCorr Str+2}
rNeg    . . .      Spirit   +   m - +2 leather armour {rPois}
rPois   +          Reflect  .   (no helmet)
rElec   .          Harm     .   d - scarf {repulsion}
rCorr   +          Rampage  .   (no gloves)
Will    +....                   h - +1 pair of boots
Stlth   ++++......              (no amulet)
HPRegen 0.93/turn               r - +6 ring of intelligence
MPRegen 0.15/turn               u - +4 ring of evasion

@: about to teleport, wreathed by umbra, repel missiles
A: fangs 3, regeneration 1, magic shield, antimagic bite, no potion heal 2
a: Renounce Religion


You were on level 7 of the Dungeon.
You worshipped Dithmenos.
Dithmenos was aware of your devotion.
You visited 2 branches of the dungeon, and saw 8 of its levels.
You also visited: Sewer and Ossuary.

You collected 1289 gold pieces.
You spent 603 gold pieces at shops.

Inventory:

Hand Weapons
 a - a +1 dagger
 f - a +0 whip
 n - a +0 sling
 v - a +2 dagger of venom (weapon)
 z - a +0 short sword of venom
 A - a +3 dagger of speed
 B - a +1 vorpal sling
 L - a +1 vampiric dagger
Missiles
 H - 2 poisoned darts
Armour
 b - a +0 robe
 d - a scarf of repulsion (worn)
 h - a +1 pair of boots (worn)
 m - a +2 leather armour of poison resistance (worn)
 y - the +5 ring mail of Durable Knowledge {*Slow rN+ Int+2}
   (You found it on level 4 of the Dungeon)

   Int:       It affects your intelligence (+2).
   rN:        It protects you from negative energy.
   *Slow:     It may slow you when you take damage.
 D - the +1 buckler of Jiom (worn) {rCorr Str+2}
   (You bought it in a shop on level 3 of the Dungeon)

   Str:       It affects your strength (+2).
   rCorr:     It protects you from acid and corrosion.
Jewellery
 e - a ring of resist corrosion
 g - a ring of ice
 r - a +6 ring of intelligence (left hand)
 u - a +4 ring of evasion (right hand)
 w - a ring of flight
 I - a ring of fire
Wands
 x - a wand of flame (27)
 F - a wand of mindburst (1)
Scrolls
 E - 2 scrolls of fog
 G - 2 scrolls of teleportation
 K - 2 scrolls of amnesia
 M - a scroll of enchant armour
 Q - a scroll of poison
Potions
 c - a potion of invisibility
 i - 3 potions of haste
 j - 3 potions of brilliance
 k - 3 potions of mutation
 l - a potion of magic
 o - a potion of resistance {unknown}
 p - a potion of cancellation {unknown}
 q - 2 potions of attraction
 s - 5 potions of curing {unknown}
 t - 4 potions of flight
 C - 3 potions of might
 J - 7 potions of heal wounds {unknown}
 N - a potion of berserk rage
 O - a potion of lignification {unknown}
 P - a potion of ambrosia {unknown}


   Skills:
 + Level 4.1 Short Blades
 - Level 3.0 Armour
 - Level 1.8 Dodging
 + Level 7.1 Stealth
 + Level 1.0 Shields
 * Level 5.2 Spellcasting
 + Level 3.1 Conjurations
 + Level 5.5 Hexes
 + Level 4.2 Ice Magic
 + Level 0.8 Invocations
 + Level 1.2 Evocations


You had 10 spell levels left.
You knew the following spells:

 Your Spells              Type           Power      Damage    Failure   Level
a - Ensorcelled Hibernat  Hex/Ice        50%        N/A       3%          2
b - Confusing Touch       Hex            28%        N/A       6%          3
c - Magic Dart            Conj           72%        1d6       4%          1
d - Searing Ray           Conj           36%        2d5       8%          2

Your spell library contained the following spells:

 Spells                   Type           Power      Damage    Failure   Level
 Tukima's Dance           Hex            28%        N/A       6%          3
 Dazzling Flash           Conj/Hex       46%        N/A       10%         3
 Fulminant Prism          Conj/Hex       11%        3d9       30%         4


Dungeon Overview and Level Annotations

Branches:
Dungeon (7/15)             Temple (1/1) D:7           Sewer (visited)
Ossuary (visited)

Altars:
Cheibriados
Dithmenos
Elyvilon
Fedhas
Gozag
Kikubaaqudgha
Makhleb
Nemelex Xobeh
Qazlal
Trog
Wu Jian
Xom
Zin

Shops:
D:3 (*(   D:6 :

Annotations:
D:3 Grinder


Innate Abilities, Weirdness & Mutations

You have razor-sharp teeth.
Your natural rate of healing is unusually fast.
When hurt, damage is shared between your health and your magic reserves.
Your bite disrupts and absorbs the magic of your enemies.
Potions cannot restore your health.


Message History

Unknown command.
You hit the orc.
The orc is poisoned.
The orc is moderately wounded.
You hit the orc.
You kill the orc!
Dithmenos accepts your kill.
You are shrouded in an aura of darkness!
Your Shields skill increases to level 1!
Items here: ))) [.
Unknown command.
You block the orc priest's attack.
The orc warrior hits you with a +0 mace!
An orc comes into view. It is wielding a +0 hand axe.
Things that are here:
a +0 trident; an orc corpse You hit the orc warrior but do no damage.
The orc warrior is poisoned.
You bite the orc warrior, but do no damage.
The orc priest closely misses you. The orc warrior barely misses you.
You hit the orc warrior but do no damage.
The orc warrior looks as sick as possible!
The orc warrior is lightly wounded.
The orc priest closely misses you. The orc warrior misses you.
You hit the orc warrior but do no damage.
The orc warrior looks as sick as possible!
You bite the orc warrior. You drain its power.
You feel invigorated.
The orc warrior is moderately wounded.
The orc priest invokes the aid of Beogh against you.
Beogh smites you! The orc warrior misses you.
The orc priest attacks as you move away!
The orc priest closely misses you.
The orc priest mumbles some strange prayers to Beogh against you.
Beogh smites you!
* * * LOW HITPOINT WARNING * * *
Items here: ))) [.
As you read the scroll of teleportation, it crumbles to dust.
You feel strangely unstable.
The orc priest calls down the wrath of Beogh upon you.
Beogh smites you!
You die...

###.# #.>.#
## ###.###
##.###.##.#
#8.#.#.8#.#
#.....##.#
#.)oo.#..#
#o###.##
#.@)..#
#######


You could see an orc warrior (extremely poisoned) and an orc priest.

Vanquished Creatures
  Prince Ribbit (D:7)
  An ice beast (D:6)
  3 black bears
  An ogre (D:5)
  2 phantoms
  A bullfrog (D:6)
  4 scorpions
  3 hounds
  3 orc priests
  A bouda (D:5)
  3 jellies
  Jessica (D:3)
  2 iguanas (D:4)
  5 orc wizards
  A merfolk siren (Sewer)
  A merfolk avatar (Sewer)
  8 mummies (Ossuary)
  9 gnolls
  3 river rats
  10 adders
  An ufetubus (D:6)
  2 worms
  4 dart slugs
  30 orcs
  5 endoplasms
  2 giant cockroaches
  A gnoll zombie (Ossuary)
  6 goblins
  7 hobgoblins
  3 jackals (D:3)
  7 quokkas
  12 ball pythons
  4 bats
  9 frilled lizards
  3 hobgoblin zombies (Ossuary)
  11 kobolds
  A kobold zombie (Ossuary)
  3 orc zombies (Ossuary)
  27 rats
201 creatures vanquished.

Notes
Turn   | Place    | Note
-------+----------+-------------------------------------------
     0 | D:1      | Zonian the Vine Stalker Enchanter began the quest for the
                  | Orb.
     0 | D:1      | Reached XP level 1. HP: 9/9 MP: 4/4
    37 | D:1      | Reached skill level 1 in Short Blades
   751 | D:1      | Reached XP level 2. HP: 10/13 MP: 4/6
   825 | D:1      | Learned a level 2 spell: Ensorcelled Hibernation
  1116 | D:1      | Reached skill level 4 in Stealth
  1466 | D:2      | Reached XP level 3. HP: 10/16 MP: 4/7
  2730 | D:2      | Reached skill level 1 in Ice Magic
  2730 | D:2      | Gained mutation: Your natural rate of healing is unusually
                  | fast. [Vine Stalker growth]
  2730 | D:2      | Reached XP level 4. HP: 21/21 MP: 5/9
  3144 | D:3      | Noticed Jessica
  3156 | D:3      | Killed Jessica
  3164 | D:3      | Reached XP level 5. HP: 24/24 MP: 10/10
  3170 | D:3      | Learned a level 3 spell: Confusing Touch
  3197 | D:3      | Found Koenkuv's Weapon Emporium.
  3228 | D:3      | Found Deant's General Store.
  3241 | D:3      | Bought a scroll of teleportation for 33 gold pieces
  3344 | D:3      | Found a glowing drain.
  3353 | Sewer    | Entered a sewer
  3625 | Sewer    | Reached skill level 1 in Armour
  3937 | Sewer    | Noticed a malarious merfolk avatar
  3948 | Sewer    | Reached XP level 6. HP: 28/28 MP: 6/11
  4558 | Sewer    | Reached skill level 5 in Stealth
  4896 | D:3      | Noticed Grinder
  4899 | D:3      | Paralysed by Grinder for 2 turns
  5090 | D:3      | Found Tyheab's Antique Weapon Boutique.
  5318 | D:3      | Bought a +2 dagger of venom for 158 gold pieces
  5516 | D:4      | Reached XP level 7. HP: 32/32 MP: 7/13
  5520 | D:4      | Learned a level 1 spell: Magic Dart
  6052 | D:4      | Identified the +5 ring mail of Durable Knowledge {*Slow rN+
                  | Int+2}
  6546 | D:5      | Entered Level 5 of the Dungeon
  6585 | D:5      | Reached skill level 1 in Conjurations
  6611 | D:5      | Gained mutation: You have razor-sharp teeth. [Vine Stalker
                  | growth]
  6611 | D:5      | Reached XP level 8. HP: 36/36 MP: 9/15
  6671 | D:5      | Reached skill level 6 in Stealth
  7499 | D:5      | Reached skill level 5 in Hexes
  8101 | D:6      | Found Codisoeff's Book Shop.
  8309 | D:6      | Learned a level 2 spell: Searing Ray
  8662 | D:6      | Reached XP level 9. HP: 39/39 MP: 14/17
  8689 | D:6      | Identified a scroll of acquirement
  8689 | D:6      | Acquired 683 gold pieces
  8771 | D:3      | Bought a +1 vorpal sling for 101 gold pieces
  8771 | D:3      | Bought the +1 buckler of Jiom {rCorr Str+2} for 289 gold
                  | pieces
  8771 | D:3      | Bought a scroll of fog for 22 gold pieces
  8899 | D:7      | Found an ancient bone altar of Kikubaaqudgha.
  8912 | D:7      | Found a staircase to the Ecumenical Temple.
  8924 | Temple   | Entered the Ecumenical Temple
  8972 | Temple   | Became a worshipper of Dithmenos the Shadowed
  9138 | D:7      | Noticed Prince Ribbit
  9142 | D:7      | Killed Prince Ribbit
  9143 | D:7      | Reached skill level 7 in Stealth
  9143 | D:7      | Reached skill level 5 in Spellcasting
  9143 | D:7      | Reached skill level 1 in Evocations
  9155 | D:7      | Found a sand-covered staircase.
  9160 | Ossuary  | Entered an ossuary
  9681 | D:7      | Reached * piety under Dithmenos
  9682 | D:7      | Reached skill level 1 in Shields
  9688 | D:7      | Killed from afar by an orc priest

Illustrated notes

Levels and vault maps discovered:
D:1:      amcnicky_arrival_choice, layout_basic, st_stairs_7
D:2:      layout_loops_ring
D:3:      layout_basic, serial_shops, shop_fountains, shop_fountains,
          nicolae_lakefront_shop, gup_sewer_entry_bubbles,
          minmay_fractal_squares_5, uniq_grinder, uniq_jessica
D:4:      layout_gridville
D:5:      layout_layer_cave, st_stairs_10
D:6:      layout_basic, serial_shops, nicolae_shop_statue_plus,
          nicolae_square_shop
D:7:      layout_loops_ring, nicolae_kikubaaqudgha_miasma_corner,
          minmay_temple_entry_statues_fountains, enter_ossuary_2,
          pf_guarded_unrand_meek, uniq_prince_ribbit1
Temple:   regret_index_temple_chain_breaker

Skill      XL: |  1  2  3  4  5  6  7  8  9 |
---------------+----------------------------+-----
Short Blades   | 1 2 3 4 |  4.1
Stealth        | 4 5 6 7 |  7.1
Ice Magic      | 1 2 3 4 |  4.2
Spellcasting   | 3 4 5 |  5.2
Armour         | 1 2 3 |  3.0
Hexes          | 4 5 |  5.5
Conjurations   | 1 2 3 |  3.1
Evocations     | 1 |  1.2
Shields        | 1 |  1.0
Dodging        | |  1.8
Invocations    | |  0.8

Action                   |  1- 3 |  4- 6 |  7- 9 || total
-------------------------+-------+-------+-------++-------
Melee: Dagger            |    90 |   281 |   273 ||   644
       Bite              |    22 |    61 |    87 ||   170
       Punch             |       |     1 |     2 ||     3
 Fire: Sling             |       |       |    12 ||    12
 Cast: Ensorcelled Hiber |     2 |    17 |    27 ||    46
       Confusing Touch   |       |     2 |       ||     2
       Magic Dart        |       |       |     1 ||     1
Evoke: Wand              |       |       |     4 ||     4
  Use: Scroll            |     7 |     9 |    11 ||    27
       Potion            |       |     3 |     2 ||     5
 Stab: Sleeping          |     7 |    17 |    19 ||    43
       Distracted        |       |     3 |     1 ||     4
       Confused          |       |     2 |       ||     2
       Invisible         |       |     2 |       ||     2
Armor: Robe              |    10 |       |       ||    10
       Leather armour    |       |    60 |    43 ||   103
Dodge: Dodged            |    40 |   121 |   133 ||   294
       Repelled          |     1 |     1 |     2 ||     4
Block: Buckler           |       |       |    17 ||    17

Table legend: (Time is in decaauts)
 A = Elapsed time spent in this place.
 B = Non-inter-level travel time spent in this place.
 C = Inter-level travel time spent in this place.
 D = Time resting spent in this place.
 E = Time spent auto-exploring this place.
 F = Levels seen in this place.
 G = Mean time per level.
                   A        B        C        D        E       F      G
               +--------+--------+--------+--------+--------+-----+--------+
         Total |   9660 |   9244 |    416 |   3001 |   3200 |  10 |  966.0 |
       Dungeon |   8092 |   7691 |    401 |   2253 |   3200 |   7 | 1156.0 |
        Temple |     63 |     48 |     15 |      0 |      0 |   1 |   63.0 |
         Sewer |   1262 |   1262 |      0 |    741 |      0 |   1 | 1262.0 |
       Ossuary |    242 |    242 |      0 |      7 |      0 |   1 |  242.0 |
               +--------+--------+--------+--------+--------+-----+--------+

Top non-repeatable levels by time:
     D:2: 1619 daAuts
     D:5: 1574 daAuts
     D:1: 1355 daAuts
     D:4: 1276 daAuts
   Sewer: 1262 daAuts
     D:3: 1174 daAuts
     D:6: 593 daAuts
     D:7: 497 daAuts
 Ossuary: 242 daAuts
  Temple: 63 daAuts
